 Dungeon Crawl Stone Soup version bcrawl-1.27.1d (webtiles) character file.

Game seed: 11173666580509175898

181541 Banto the Spark (level 5, -10/40 HPs)
             Began as a Demigod Wanderer on July 17, 2020.
             Mangled by an ogre
             ... wielding a +0 giant club
              (28 damage)
             ... on level 4 of the Dungeon.
             The game lasted 00:03:29 (2433 turns).

Banto the Spark (Demigod Wanderer)                  Turns: 2433, Time: 00:03:29

Health: -10/40     AC:  7    Str: 19    XL:     5   Next: 80%
Magic:  11/11      EV: 11    Int: 18    God:    Demigod [*.....]
Gold:   176        SH:  0    Dex: 13    Spells: 4/4 levels left

rFire    + . .     SeeInvis .   a - +0 spear
rCold    . . .     Gourm    .   (no shield)
rNeg     . . .     Faith    .   k - +0 ring mail {MR+}
rPois    .         Spirit   .   (no helmet)
rElec    .         Reflect  .   (no cloak)
rCorr    .         Harm     .   j - +1 pair of gloves
MR       ++...                  (no boots)
Stlth    +.........             (no amulet)
HPRegen  0.13/turn              o - ring of protection from fire
MPRegen  0.12/turn              i - ring of protection from magic

@: no status effects
A: high mp 1
a: Temporal Distortion


You were on level 4 of the Dungeon.
You worshipped Demigod.
Demigod was aware of your devotion.
You were hungry.

You visited 1 branch of the dungeon, and saw 4 of its levels.

You collected 176 gold pieces.

Inventory:

Hand Weapons
 a - a +0 spear (weapon)
Missiles
 b - 4 throwing nets (quivered) {=f}
Armour
 j - a +1 pair of gloves (worn)
 k - a +0 ring mail of magic resistance (worn)
Jewellery
 i - a ring of protection from magic (right hand)
 o - a ring of protection from fire (left hand)
Wands
 p - a wand of clouds (6)
 r - a wand of digging (7)
Scrolls
 c - a scroll of immolation
 h - 3 scrolls of teleportation
 l - 6 scrolls of remove curse
 s - a scroll of identify
 t - a scroll of enchant armour
Potions
 d - 3 potions of curing
 f - a potion of heal wounds
 g - a potion of brilliance
 m - a potion of agility {unknown}
 n - a potion of berserk rage {unknown}
Comestibles
 e - 3 rations {!d}


   Skills:
 - Level 1.0 Fighting
 + Level 4.1 Polearms
   Level 1.7 Bows
 - Level 1.0 Armour
 - Level 1.0 Dodging
 - Level 1.0 Stealth
   Level 1.0 Shields
 + Level 5.2 Invocations
 - Level 1.0 Evocations


You had 4 spell levels left.
You didn't know any spells.
Your spell library was empty.

Dungeon Overview and Level Annotations

Branches:
Dungeon (4/12)
 Temple: D:4-7


Innate Abilities, Weirdness & Mutations

You have an increased reservoir of magic. (+10% MP)


Message History

Attack whom?
Press: ? - help, Dir - move target cursor, f/p - ogre
Aim: an ogre, wielding a +0 giant club (heavily wounded)
You closely miss the ogre.
The ogre is heavily wounded.
The ogre hits you with a +0 giant club!!
Attack whom?
Press: ? - help, Dir - move target cursor, f/p - ogre
Aim: an ogre, wielding a +0 giant club (heavily wounded)
You reach to attack!
You hit the ogre but do no damage.
The ogre is heavily wounded.
Attack whom?
Press: ? - help, Dir - move target cursor, f/p - ogre
Aim: an ogre, wielding a +0 giant club (heavily wounded)
You hit the ogre.
The ogre is heavily wounded.
The ogre hits you with a +0 giant club!!
Ouch! That really hurt!
You die...
Your divinity fades.

##..........##
##.........#
##........#
##.......#
###.....#
##..#.# ####.#
#O# #@# ##.#
#.## ##.##
##...#
##...>##
##......#
##..###.##
##..## ##


You could see an ogre.

Vanquished Creatures
  A hound (D:3)
  An orc wizard (D:3)
  A centaur skeleton (D:4)
  Terence (D:2)
  An iguana (D:4)
  3 adders (D:3)
  An ooze (D:2)
  An adder skeleton (D:2)
  A worm (D:2)
  3 dart slugs
  4 leopard geckos
  An orc (D:3)
  4 bats
  3 giant cockroaches
  4 goblins
  8 hobgoblins
  5 jackals (D:1)
  3 quokkas
  7 frilled lizards
  5 kobolds
  4 rats
62 creatures vanquished.

Notes
Turn   | Place    | Note
-------+----------+-------------------------------------------
     0 | D:1      | Banto the Demigod Wanderer began the quest for the Orb.
     0 | D:1      | Banto set off with the following items: a +0 spear, 4
                  | throwing nets {=f}, a +0 leather armour, a potion of
                  | curing, a ration {!d}
     0 | D:1      | Reached XP level 1. HP: 16/16 MP: 3/3
    21 | D:1      | Reached skill level 1 in Invocations
   167 | D:1      | Reached XP level 2. HP: 23/23 MP: 5/5
   275 | D:1      | Reached skill level 2 in Invocations
   697 | D:1      | Reached XP level 3. HP: 13/28 MP: 7/7
   830 | D:1      | Reached * piety under Demigod
   972 | D:2      | Found a faded altar of an unknown god.
  1099 | D:2      | Reached skill level 3 in Invocations
  1291 | D:2      | Noticed Terence
  1309 | D:2      | Killed Terence
  1309 | D:2      | Reached XP level 4. HP: 26/35 MP: 9/9
  1496 | D:3      | Found a radiant altar of Vehumet.
  1645 | D:3      | Found a burning altar of Makhleb.
  1733 | D:3      | Reached skill level 4 in Invocations
  1733 | D:3      | Reached XP level 5. HP: 37/40 MP: 11/11
  1950 | D:3      | Found a shimmering blue altar of Sif Muna.
  2189 | D:4      | Reached skill level 5 in Invocations
  2369 | D:4      | Noticed an ogre
  2433 | D:4      | Mangled by an ogre

Skill      XL: |  1  2  3  4  5 |
---------------+----------------+-----
Polearms       | 2 3 4 |  4.1
Invocations    | 1 2 3 4 5 |  5.2
Fighting       | |  1.0
Bows           | |  1.7
Armour         | |  1.0
Dodging        | |  1.0
Stealth        | |  1.0
Shields        | |  1.0
Evocations     | |  1.0

Action                   |  1- 3 |  4- 6 || total
-------------------------+-------+-------++-------
Melee: Spear             |   209 |   113 ||   322
  Use: Scroll            |     6 |     2 ||     8
  Eat: Chunk             |     6 |     6 ||    12
Armor: Leather armour    |    52 |       ||    52
       Ring mail         |       |    29 ||    29
Dodge: Dodged            |   136 |    36 ||   172
